 Dungeon Crawl Stone Soup version 0.29-a0-330-g52719c12eb (webtiles) character file.

Game seed: 3310116275454756182

2761 kae the Firebug (level 9, -2/62 HPs)
             Began as a Demigod Fire Elementalist on Apr 27, 2022.
             Killed by an exploding orc (12 damage)
             ... ignited by their inner flame
             ... on level 8 of the Dungeon.
             The game lasted 00:07:52 (10497 turns).

kae the Firebug (Demigod Fire Elementalist)        Turns: 10497, Time: 00:07:53

Health: -2/62      AC:  5    Str: 15    XL:     9   Next: 19%
Magic:  17/21      EV: 10    Int: 27    God:
Gold:   458        SH:  9    Dex: 14    Spells: 6/19 levels left

rFire   + . .      SeeInvis .   c - +1 whip (protect)
rCold   . . .      Faith    .   m - +0 kite shield
rNeg    + + +      Spirit   .   a - +0 robe
rPois   .          Reflect  .   (no helmet)
rElec   .          Harm     .   (no cloak)
rCorr   .          Rampage  .   q - +2 pair of gloves
Will    +....                   (no boots)
Stlth   ++........              s - amulet of Pearuke {RegenMP rN+++ Str+6 Int-2}
HPRegen 0.20/turn               g - ring of willpower
MPRegen 0.57/turn               x - ring of protection from fire

@: no status effects
A: high MP 1, forlorn, divine attributes
a: no special abilities


You were on level 8 of the Dungeon.
You visited 1 branch of the dungeon, and saw 8 of its levels.
You also visited: Sewer.

You collected 458 gold pieces.

Inventory:

Hand Weapons
 c - a +1 whip of protection (weapon)
Missiles
 n - 2 throwing nets
Armour
 a - a +0 robe (worn)
 m - a +0 kite shield (worn)
 q - a +2 pair of gloves (worn)
Jewellery
 g - a ring of willpower (left hand)
 s - the amulet of Pearuke (around neck) {RegenMP rN+++ Str+6 Int-2}
   (You found it on level 7 of the Dungeon)

   [amulet of magic regeneration]

   It increases your rate of magic regeneration.
   Str:       It affects your strength (+6).
   Int:       It affects your intelligence (-2).
   rN:        It renders you almost immune to negative energy.
 t - an amulet of the acrobat
 x - a ring of protection from fire (right hand)
Wands
 e - a wand of flame (25)
 y - a wand of iceblast (19)
 z - a wand of digging (5)
Scrolls
 h - 2 scrolls of teleportation
 o - a scroll of enchant weapon
 u - 2 scrolls of identify
 v - a scroll of fog
 w - a scroll of brand weapon
Potions
 b - 3 potions of magic
 d - 3 potions of berserk rage
 f - 2 potions of invisibility
 i - 2 potions of mutation
 j - a potion of haste
 k - 3 potions of curing
 l - a potion of degeneration
 p - a potion of brilliance
 r - 3 potions of flight


   Skills:
 - Level 1.7 Dodging
 - Level 1.7 Stealth
 + Level 5.4 Shields
 + Level 5.8 Spellcasting
 + Level 6.0 Conjurations
 + Level 6.6 Fire Magic


You had 6 spell levels left.
You knew the following spells:

 Your Spells              Type           Power      Damage    Failure   Level
a - Foxfire               Conj/Fire      100%       2x1d9     1%          1
b - Scorch                Fire           86%        2d9       1%          2
c - Conjure Flame         Conj/Fire      42%        6-21      4%          3
d - Inner Flame           Hex/Fire       25%        N/A       14%         3
e - Flame Wave            Conj/Fire      42%        2d9       14%         4

Your spell library contained the following spells:

 Spells                   Type           Power      Damage    Failure   Level
 Shock                    Conj/Air       96%        1d9       5%          1
 Corpse Rot               Necr/Air       14%        N/A       28%         2
 Ensorcelled Hibernation  Hex/Ice        14%        N/A       28%         2
 Passwall                 Tmut/Erth      5%         N/A       28%         2
 Poisonous Vapours        Pois/Air       14%        N/A       28%         2
 Gell's Gravitas          Tloc           7%         N/A       50%         3
 Swiftness                Air            7%         N/A       50%         3
 Teleport Other           Tloc           7%         N/A       50%         3
 Airstrike                Air            3%         N/A       88%         4
 Freezing Cloud           Conj/Ice/Air   9%         6-21      92%         5
 Dispersal                Tloc           3%         N/A       100%        6
 Simulacrum               Ice/Necr       3%         N/A       100%        6
 Polar Vortex             Ice            3%         N/A       100%        9


Dungeon Overview and Level Annotations

Branches:
Dungeon (8/15)             Temple (0/1) D:5           Sewer (visited)
   Lair: D:8-11

Annotations:
D:4 Edmund


Innate Abilities, Weirdness & Mutations

You have an increased reservoir of magic. (+10% MP)
You shall have no god before yourself.
Your divine heritage dramatically boosts your attributes as you level up.


Message History

The orc priest mumbles some strange prayers to Beogh against you.
Beogh smites you!
Casting: Inner Flame (dangerous; 14% risk of failure)
Confirm with . or Enter, or press ? or * to list all spells.
You conjure some foxfire!
You block the orc's attack. x2
The orc hits your foxfire with a +0 hand axe.
The foxfire hits the orc.
The orc is almost dead.
The foxfire hits the orc!
You kill the orc!
You block the orc's attack.
The orc priest mumbles some strange prayers to Beogh against you.
Beogh smites you!
A magic dart appears from out of thin air!
The magic dart hits you.
Casting: Foxfire (safe; 1% risk of failure)
Confirm with . or Enter, or press ? or * to list all spells.
You conjure some foxfire!
A wyvern comes into view.
The orc hits you with a +0 whip.
The foxfire hits something. x2
You hear some strange, mumbled words.
Something tries to affect you, but you resist.
Casting: Foxfire (safe; 1% risk of failure)
Confirm with . or Enter, or press ? or * to list all spells.
You conjure some foxfire!
You block the orc's attack.
The orc priest calls down the wrath of Beogh upon you.
Beogh smites you!
* * * LOW HITPOINT WARNING * * *
You hear some strange, mumbled words.
A puff of flame appears from out of thin air!
The puff of flame misses you.
The foxfire hits the orc.
Flame seeps out of the orc.
The orc is heavily wounded.
The foxfire hits something.
The orc is engulfed in blazing flames.
The orc explodes!
The fiery explosion engulfs something!!!
Reactivating autopickup.
You feel a bit more experienced. The fiery explosion engulfs you! You resist.
You die...

.....##.... #..... #..
.....°○... #....#####...
....○l....
#.............#...☼☼§...
........>....##.......
.................Y..
.......##.......§o#
.......#........@○#
................§§#
.#..............###
.###.......##..##
.######..#.##..# ..##
#####....# ...#
#....#...# #.##
###..#..## ### ##....#


You could see a wyvern, an ice beast and an orc priest.

Vanquished Creatures
  A wraith (D:6)
  4 ice beasts
  2 black bears
  A sky beast (D:6)
  2 ogres (D:6)
  A centaur (D:8)
  2 phantoms
  2 kobold brigands
  3 bullfrogs
  Blork the orc (D:4)
  5 wights (D:6)
  4 hounds
  4 jellies
  3 orc priests
  2 gnoll shamans
  3 iguanas
  Ijyb (D:2)
  3 orc wizards
  13 gnolls
  7 adders
  A river rat (D:4)
  4 white imps
  An ufetubus (D:5)
  5 worms
  5 dart slugs
  27 orcs
  6 bats
  9 endoplasms
  A giant cockroach (D:1)
  10 goblins
  11 hobgoblins
  5 jackals
  6 quokkas
  5 ball pythons
  3 frilled lizards
  16 kobolds
  15 rats
194 creatures vanquished.

Vanquished Creatures (others)
  650 foxfires
650 creatures vanquished.

Grand Total: 844 creatures vanquished

Notes
Turn   | Place    | Note
-------+----------+-------------------------------------------
     0 | D:1      | kae the Demigod Fire Elementalist began the quest for the
                  | Orb.
     0 | D:1      | Reached XP level 1. HP: 14/14 MP: 5/5
    48 | D:1      | Reached skill level 1 in Conjurations
   185 | D:1      | Reached XP level 2. HP: 13/20 MP: 1/7
   926 | D:1      | Reached XP level 3. HP: 26/26 MP: 7/9
  2166 | D:2      | Learned a level 2 spell: Scorch
  2170 | D:2      | Learned a level 3 spell: Conjure Flame
  2609 | D:3      | Reached XP level 4. HP: 33/33 MP: 6/10
  3680 | D:3      | Noticed Ijyb
  4074 | D:2      | Killed Ijyb
  4075 | D:2      | Reached skill level 1 in Shields
  4075 | D:2      | Reached XP level 5. HP: 25/38 MP: 12/12
  4979 | D:4      | Noticed Blork the orc
  4990 | D:4      | Killed Blork the orc
  4991 | D:4      | Reached XP level 6. HP: 28/45 MP: 7/14
  5158 | D:4      | Found a glowing drain.
  5175 | Sewer    | Entered a sewer
  5610 | D:4      | Noticed Edmund
  5723 | D:4      | Reached XP level 7. HP: 43/50 MP: 8/15
  5859 | D:5      | Entered Level 5 of the Dungeon
  5872 | D:5      | Learned a level 3 spell: Inner Flame
  6191 | D:5      | Reached skill level 5 in Fire Magic
  7069 | D:5      | Found a staircase to the Ecumenical Temple.
  7485 | D:6      | Reached XP level 8. HP: 57/57 MP: 14/18
  8310 | D:6      | Reached skill level 5 in Spellcasting
  8310 | D:6      | Reached skill level 5 in Conjurations
  9289 | D:7      | Identified the amulet of Pearuke {RegenMP rN+++ Str+6
                  | Int-2}
  9385 | D:7      | Reached skill level 5 in Shields
  9657 | D:7      | Reached XP level 9. HP: 62/62 MP: 21/21
  9662 | D:7      | Learned a level 4 spell: Flame Wave
 10497 | D:8      | Killed by an exploding orc... ignited by their inner flame

Illustrated notes

Levels and vault maps discovered:
D:1:      minmay_arrival_semitransparent, layout_rooms
D:2:      layout_basic
D:3:      layout_loops_cross, ebering_ecumenical_altar_abandoned,
          kennysheep_generic_room_2, uniq_ijyb
D:4:      layout_gridville, xom_teletrap_fun, lightli_sewer_entry_pipes,
          uniq_blork_the_orc, uniq_edmund
D:5:      layout_loops_ring, minmay_temple_entry_offerings
D:6:      layout_basic, grunt_temple_overflow_bloody_war, minmay_fire_ice_demons
D:7:      layout_loops_ring, nicolae_qazlal_scattered_showers
D:8:      layout_cave_pools, old_standard_altar, serial_shops,
          nicolae_inconvenience_store

Skill      XL: |  1  2  3  4  5  6  7  8  9 |
---------------+----------------------------+-----
Conjurations   | 1 2 3 4 5 6 |  6.0
Spellcasting   | 2 3 4 5 |  5.8
Fire Magic     | 3 4 5 6 |  6.6
Shields        | 1 2 3 5 |  5.4
Dodging        | |  1.7
Stealth        | |  1.7

Action                   |  1- 3 |  4- 6 |  7- 9 || total
-------------------------+-------+-------+-------++-------
Melee: Whip              |    15 |    30 |   203 ||   248
 Cast: Foxfire           |    98 |   118 |   168 ||   384
       Scorch            |       |    16 |    72 ||    88
       Conjure Flame     |       |       |     4 ||     4
       Inner Flame       |       |       |     7 ||     7
  Use: Scroll            |     1 |     5 |     6 ||    12
       Potion            |       |     7 |     1 ||     8
Armor: Robe              |     9 |    15 |    66 ||    90
Dodge: Dodged            |    29 |    51 |   119 ||   199
Block: Kite shield       |       |    42 |   133 ||   175

Table legend: (Time is in decaauts)
 A = Elapsed time spent in this place.
 B = Non-inter-level travel time spent in this place.
 C = Inter-level travel time spent in this place.
 D = Time resting spent in this place.
 E = Time spent auto-exploring this place.
 F = Levels seen in this place.
 G = Mean time per level.
                   A        B        C        D        E       F      G
               +--------+--------+--------+--------+--------+-----+--------+
         Total |  10624 |  10342 |    282 |   1642 |   6590 |   9 | 1180.4 |
       Dungeon |  10315 |  10033 |    282 |   1545 |   6421 |   8 | 1289.4 |
         Sewer |    308 |    308 |      0 |     97 |    168 |   1 |  308.0 |
               +--------+--------+--------+--------+--------+-----+--------+

Top non-repeatable levels by time:
     D:2: 2459 daAuts
     D:6: 2021 daAuts
     D:5: 1278 daAuts
     D:3: 1217 daAuts
     D:1: 1065 daAuts
     D:4: 1013 daAuts
     D:7: 996 daAuts
   Sewer: 308 daAuts
     D:8: 262 daAuts
